 Dungeon Crawl Stone Soup version 0.28.0-47-ge53b351184 (webtiles) character file.

Game seed: 2339492329866550296

31 nickcage the Vexing (level 3, -1/16 HPs)
             Began as a Spriggan Enchanter on May 3, 2022.
             Slain by a hound (5 damage)
             ... on level 2 of the Dungeon.
             The game lasted 00:02:49 (1983 turns).

nickcage the Vexing (Spriggan Enchanter)            Turns: 1983, Time: 00:02:49

Health: -1/16      AC:  2    Str:  4    XL:     3   Next: 7%
Magic:  1/8        EV: 17    Int: 16    God:
Gold:   31         SH:  0    Dex: 17    Spells: 6/8 levels left

rFire   . . .      SeeInvis +   a - +1 dagger
rCold   . . .      Faith    .   (no shield)
rNeg    . . .      Spirit   .   b - +0 robe
rPois   .          Reflect  .   (helmet restricted)
rElec   .          Harm     .   (no cloak)
rCorr   .          Rampage  .   (gloves unavailable)
Will    .....                   (boots unavailable)
Stlth   +++.......              (no amulet)
HPRegen 0.05/turn               (no ring)
MPRegen 0.11/turn               (no ring)

@: very quick
A: very small, no large weapons, unfitting armour, see invisible, speed 3
a: no special abilities


You were on level 2 of the Dungeon.
You visited 1 branch of the dungeon, and saw 2 of its levels.

You collected 31 gold pieces.

Inventory:

Hand Weapons
 a - a +1 dagger (weapon)
Armour
 b - a +0 robe (worn)
Scrolls
 d - a scroll of teleportation {unknown}
 e - a scroll of brand weapon {unknown}
Potions
 c - a potion of invisibility
 f - a potion of mutation {unknown}


   Skills:
 * Level 1.1 Short Blades
 - Level 2.6 Dodging
 - Level 4.4 Stealth
 - Level 3.0 Spellcasting
 - Level 5.0 Hexes


You had 6 spell levels left.
You knew the following spells:

 Your Spells              Type           Power      Damage    Failure   Level
a - Ensorcelled Hibernat  Hex/Ice        20%        N/A       10%         2

Your spell library contained the following spells:

 Spells                   Type           Power      Damage    Failure   Level
 Confusing Touch          Hex            18%        N/A       7%          3
 Tukima's Dance           Hex            18%        N/A       7%          3
 Dazzling Flash           Conj/Hex       20%        N/A       21%         3


Dungeon Overview and Level Annotations

Branches:
Dungeon (2/15)

Altars:


Innate Abilities, Weirdness & Mutations

You are very small and have problems with some larger weapons.
You are too small for most types of armour.
You have supernaturally acute eyesight. (SInv)
You cover ground extremely quickly. (Speed+++)


Message History

Your Hexes skill increases to level 5!
The hound barks!
The hound closely misses you.
The hound resists with significant effort.
The hound misses you.
The hound resists with significant effort.
The hound barely misses you. The hound closely misses you.
The hound resists with significant effort.
The hound closely misses you.
The hound resists with significant effort.
The hound completely misses you. The hound bites you.
You hit the hound.
The hound is lightly wounded.
The hound closely misses you.
You closely miss the hound.
The hound is lightly wounded.
The hound bites you but does no damage. The hound closely misses you.
You miss the hound. The hound barely misses you.
You closely miss the hound. The hound completely misses you.
The hound closely misses you.
You barely miss the hound. The hound closely misses you.
You hit the hound.
The hound is lightly wounded.
The hound closely misses you.
You hit the hound.
The hound is moderately wounded.
The hound bites you. x2
You hit the hound.
The hound is moderately wounded.
The hound bites you but does no damage.
You hit the hound.
The hound is moderately wounded.
The hound misses you. The hound bites you.
* * * LOW HITPOINT WARNING * * *
You hit the hound but do no damage.
The hound is moderately wounded.
The hound barely misses you.
There is a stone staircase leading up here.
The hound closely misses you. The hound bites you.
You die...

#.......#
#.......#
#.......#
.......### #
........##.
#.#.#.#......
#.#.#.....>..
#...h@.......
###.#####.###
#........
#######.#


You could see a hound.

Vanquished Creatures
  4 ball pythons
  2 bats (D:1)
  An endoplasm (D:1)
  A giant cockroach (D:1)
  4 goblins (D:1)
  A hobgoblin (D:1)
  4 frilled lizards (D:1)
  7 kobolds (D:1)
  5 rats (D:1)
29 creatures vanquished.

Vanquished Creatures (others)
  2 plants (D:2)
2 creatures vanquished.

Grand Total: 31 creatures vanquished

Notes
Turn   | Place    | Note
-------+----------+-------------------------------------------
     0 | D:1      | nickcage the Spriggan Enchanter began the quest for the
                  | Orb.
     0 | D:1      | Reached XP level 1. HP: 9/9 MP: 5/5
   227 | D:1      | Reached skill level 4 in Hexes
   431 | D:1      | Reached XP level 2. HP: 13/13 MP: 6/6
   437 | D:1      | Learned a level 2 spell: Ensorcelled Hibernation
  1625 | D:1      | Reached XP level 3. HP: 15/16 MP: 8/8
  1966 | D:2      | Reached skill level 5 in Hexes
  1983 | D:2      | Slain by a hound

Illustrated notes

Levels and vault maps discovered:
D:1:      dpeg_arrival_three_same_balls, layout_basic
D:2:      layout_loops_ring, shapermc_ecumenical_altar_mp_vishouse,
          chequers_decorated_corner, serial_bayou_pond_c, uniq_natasha,
          uniq_jessica

Skill      XL: |  1  2  3 |
---------------+----------+-----
Hexes          | 4 5 |  5.0
Spellcasting   | 3 |  3.0
Short Blades   | |  1.1
Dodging        | |  2.6
Stealth        | |  4.4

Action                   || total
-------------------------++-------
Melee: Dagger            ||   108
 Cast: Ensorcelled Hiber ||    11
 Stab: Sleeping          ||     9
Armor: Robe              ||    13
Dodge: Dodged            ||    79
